AoeStats
← ska_18

Arena

504969369Analyzed
3v3 RM · 26d ago on Sep 7, 2026· 43m 9s· 6 players
Game mode
Random Map
Map size
Normal (6 player)
Population
200
Speed
Normal
Resources
Standard
Victory
Conquest
Starting age
Dark Age
Ending age
Imperial Age
RankedLock teamsTeams togetherTeam positionsShared explorationLock speedFull tech treeHidden civsTurbo modeCheats
Victory
Defeat
🇦🇹 Saracens · Austria
1069
+14
🇮🇳 Burgundians · India
1035
+15
🇳🇱 Britons · Netherlands
950
+19
🇮🇪 Huns · Ireland
1065
-18
🇷🇺 Franks · Russia
1011
-16
🇲🇰 Persians · North Macedonia
970
-14
redjumper99
8:34 Loom
10:35 Feudal Age
11:14 Double-Bit Axe
11:33 Horse Collar
17:45 Castle Age
16:24 Stone Mining
18:56 Wheelbarrow
18:42 Bow Saw
19:17 Gold Mining
24:46 Heavy Plow
27:40 Gold Shaft Mining
28:43 Scale Barding Armor
28:48 Husbandry
29:36 Forging
29:50 Bloodlines
30:39 Chain Barding Armor
30:56 Iron Casting
30:56 Marauders
34:05 Imperial Age
32:40 Arson
35:28 Plate Barding Armor
37:40 Blast Furnace
37:12 Cavalier
38:13 Scale Mail Armor
38:03 Fletching
38:36 Paladin
38:38 Light Cavalry
39:33 Pikeman
40:14 Squires
40:20 Bodkin Arrow
40:26 Padded Archer Armor
41:22 Parthian Tactics
41:05 Bracer
41:09 Heavy Cavalry Archer
42:15 Leather Archer Armor
Player
10:49 Feudal Age
11:46 Double-Bit Axe
11:43 Horse Collar
17:40 Castle Age
15:59 Stone Mining
18:28 Bow Saw
21:11 Heavy Plow
23:43 Gold Mining
25:01 Gold Shaft Mining
27:26 Wheelbarrow
28:11 Bloodlines
28:03 Husbandry
27:51 Loom
29:46 Forging
29:41 Scale Barding Armor
32:53 Imperial Age
30:40 Hand Cart
30:29 Murder Holes
31:41 Iron Casting
30:58 Fletching
32:56 Kamandaran
33:09 Thumb Ring
32:25 Elite Skirmisher
34:15 Blast Furnace
32:37 Elite War Elephant
33:42 Conscription
33:46 Chain Barding Armor
35:16 Stone Shaft Mining
35:52 Hoardings
37:20 Hoardings
36:10 Heavy Camel Rider
39:59 Plate Barding Armor
42:07 Parthian Tactics
43:50 Parthian Tactics
43:24 Bodkin Arrow
43:29 Padded Archer Armor
Ray
11:56 Feudal Age
15:36 Castle Age
14:02 Double-Bit Axe
14:58 Loom
15:26 Fletching
19:24 Arson
32:27 Gold Mining
36:03 Forging
35:59 Scale Barding Armor
36:36 Sanctity
43:49 Imperial Age
johankasper
11:07 Feudal Age
15:20 Castle Age
13:22 Horse Collar
13:33 Double-Bit Axe
15:44 Wheelbarrow
18:49 Fletching
19:12 Heavy Plow
22:31 Gold Mining
22:33 Stone Mining
24:07 Bodkin Arrow
24:27 Bow Saw
24:35 Elite Skirmisher
25:45 Padded Archer Armor
26:08 Hand Cart
26:34 Gold Shaft Mining
25:41 Pikeman
33:43 Imperial Age
31:37 Leather Archer Armor
31:34 Forging
32:02 Ballistics
31:14 Crossbowman
32:42 Scale Mail Armor
33:33 Yeomen
33:12 Treadmill Crane
33:38 Squires
33:26 Arson
34:23 Iron Casting
34:04 Chain Mail Armor
34:02 Halberdier
34:05 Arbalester
38:40 Conscription
37:41 Elite Longbowman
42:08 Blast Furnace
41:40 Plate Mail Armor
41:11 Bracer
43:34 Chemistry
42:31 Murder Holes
ska_18
10:15 Feudal Age
11:42 Loom
15:40 Castle Age
13:51 Double-Bit Axe
13:52 Horse Collar
18:05 Wheelbarrow
17:42 Bow Saw
17:18 Town Watch
21:37 Forging
22:47 Sanctity
22:23 Gold Mining
24:15 Fervor
24:30 Hand Cart
24:54 Gold Shaft Mining
24:11 Stone Mining
26:29 Heavy Plow
26:45 Scale Barding Armor
27:27 Fletching
31:22 Imperial Age
29:21 Chain Barding Armor
29:37 Iron Casting
29:22 Bodkin Arrow
29:56 Town Patrol
30:29 Murder Holes
30:46 Fortified Wall
31:14 Masonry
33:11 Chemistry
31:52 Treadmill Crane
32:51 Plate Barding Armor
33:17 Blast Furnace
33:28 Conscription
33:05 Elite Mameluke
34:08 Bracer
35:57 Hoardings
36:25 Bloodlines
36:15 Husbandry
35:36 Light Cavalry
36:45 Bimaristan
40:13 Coinage
39:38 Hussar
40:34 Scale Mail Armor
39:56 Pikeman
40:22 Gambesons
40:37 Squires
40:23 Arson
Dantedst7
8:02 Double-Bit Axe
11:23 Feudal Age
10:04 Horse Collar
15:43 Castle Age
15:05 Bow Saw
17:21 Wheelbarrow
17:48 Two-Man Saw
17:47 Loom
18:05 Stone Mining
21:22 Fletching
22:26 Bodkin Arrow
26:53 Imperial Age
25:27 Gold Mining
25:47 Scale Barding Armor
29:27 Chemistry
28:47 Town Watch
29:12 Bodkin Arrow
29:39 Chain Barding Armor
31:40 Conscription
34:04 Hand Cart
34:26 Plate Barding Armor
34:03 Forging
33:55 Heavy Plow
35:59 Crop Rotation
36:31 Bracer
38:34 Iron Casting
41:51 Burgundian Vineyards
43:08 Blast Furnace
Connection lost

Rejoining the realm…

Still unreachable

The connection could not be restored.

Session expired

The server has moved on; the page needs a fresh start.